 Dungeon Sprint DCSS version 0.16-a0-3187-geb38783 (webtiles) character file.

6407 BluebellGnoll the Imperceptible (level 10, -7/44 HPs)
             Began as a Spriggan Enchanter on Dec 17, 2014.
             Was the Champion of Vehumet.
             Mangled by an orc warrior
             ... wielding a +0 halberd
              (25 damage)
             ... in the Dungeon (Sprint IX: "|||||||||||||||||||||||||||||").
             The game lasted 00:10:54 (1591 turns).

BluebellGnoll the Imperceptible (SpEn)              Turns: 1591, Time: 00:10:54

Health: -7/44      AC:  4    Str:  4      XL:     10   Next: 66%
Magic:  15/33      EV: 36    Int: 18 (21) God:    Vehumet [******]
Gold:   660        SH:  0    Dex: 19      Spells: 9 memorised, 9 levels left

rFire  . . .     SeeInvis +     n - +2 rapier (drain)
rCold  . . .     Clarity  .     b - +1 robe
rNeg   . . .     SustAb   .     (shield restricted)
rPois  .         Gourm    .     (helmet restricted)
rElec  .         Spirit   .     a - +0 cloak
rCorr  .         Warding  .     (gloves unavailable)
rMut   .         NoTele   +     (boots unavailable)
MR     +....                    (no amulet)
Stlth  +++++++++.               p - +2 ring of evasion
                                o - +3 ring of dexterity

@: very quick, somewhat resistant to hostile enchantments, incredibly stealthy
A: unfitting armour, see invisible, herbivore 3, speed 3, slow metabolism 2
a: Renounce Religion


You were in the Dungeon.
You worshipped Vehumet.
Vehumet was exalted by your worship.
You were very full.

You visited 1 branch You collected 660 gold pieces.

Inventory:

Hand weapons
 n - a +2 rapier of draining (weapon)
Armour
 a - a +0 cloak (worn)
 b - a +1 robe (worn)
Magical staves
 m - an uncursed staff of energy
Jewellery
 o - a +3 ring of dexterity (left hand)
 p - a +2 ring of evasion (right hand)
Magical devices
 l - a wand of cold (5)
Scrolls
 i - 3 scrolls of remove curse
 j - 2 scrolls of blinking
 k - 2 scrolls of amnesia
 t - 2 scrolls of recharging
 u - a scroll of fear
 v - a scroll of fog
 w - 2 scrolls of enchant weapon
Potions
 e - 7 potions of curing
 f - 7 potions of heal wounds
 g - a potion of invisibility
 h - 4 potions of magic
 q - a potion of berserk rage
 s - a potion of haste
Books
 c - a book of Maledictions

   Spells                             Type                      Level
   a - Corona                         Hexes                        1
   b - Sure Blade                     Hexes/Charms                 2
   c - Ensorcelled Hibernation        Hexes/Ice                    2
   d - Confuse                        Hexes                        3
   e - Dazzling Spray                 Conjuration/Hexes            3
   f - Enslavement                    Hexes                        4
Miscellaneous
 r - a disc of storms
Comestibles
 d - 13 bread rations
 x - 32 fruits


   Skills:
 - Level 8.1 Short Blades
 - Level 17.0 Dodging
 - Level 21.4 Stealth
 - Level 13.0 Spellcasting
 - Level 3.8 Conjurations
 - Level 9.8 Hexes
 * Level 2.6 Ice Magic
 * Level 2.5 Air Magic


You had 9 spell levels left.
You knew the following spells:

 Your Spells              Type           Power        Failure   Level  Hunger
a - Shock                 Conj/Air       ###.         1%          1    None
b - Ensorcelled Hibernat  Hex/Ice        ####..       1%          2    None
c - Confuse               Hex            #####...     1%          3    None
d - Sure Blade            Hex/Chrm       ####......   1%          2    None
e - Dazzling Spray        Conj/Hex       #####...     1%          3    None
f - Enslavement           Hex            #####...     1%          4    #......
g - Freezing Cloud        Conj/Ice/Air   ###.......   83%         6    ######.
j - Throw Icicle          Conj/Ice       ###.....     4%          4    #......
w - Corona                Hex            #####..      1%          1    None


Dungeon Overview and Level Annotations

Branches:
Dungeon (1/1)

Altars:
Cheibriados
Dithmenos
Elyvilon
Fedhas
Gozag
Kikubaaqudgha
Makhleb
Nemelex Xobeh
Okawaru
Qazlal
Ru
Sif Muna
Trog
Vehumet
Xom
Yredelemnul
Zin
The Shining One
Beogh
Jiyva
Lugonu


Innate Abilities, Weirdness & Mutations

You are tiny and cannot use many weapons and most armour.
You have supernaturally acute eyesight.
You are a herbivore.
You cover ground extremely quickly.
You need consume almost no food.


Message History

Casting: Ensorcelled Hibernation
Confirm with . or Enter, or press ? or * to list all spells.
Aiming: Confuse
Press: ? - help, Shift-Dir - straight line, f/p - orc warrior
Aim: an orc warrior, wielding a scimitar and wearing a plate armour (lightly wounded, consumed by blood-lust, lightly drained)
The orc warrior struggles to resist.
Casting: Confuse
Confirm with . or Enter, or press ? or * to list all spells.
Aiming: Confuse
Press: ? - help, Shift-Dir - straight line, f/p - orc warrior
Aim: an orc warrior, wielding a scimitar and wearing a plate armour (lightly wounded, consumed by blood-lust, lightly drained)
The orc warrior appears confused.
The orc warrior closely misses the orc warrior.
The orc warrior closely misses you.
You hit the orc warrior. You drain the orc warrior!
The orc warrior is heavily wounded.
The orc warrior barely misses the orc warrior.
The orc warrior hits you from afar with a halberd!!
Ouch! That really hurt!
You die...

▓_▓.▓.▓.▓o▓
▓_▓.▓.▓.▓o▓
▓_▓.▓'▓.▓$▓
▓_▓.▓.▓.▓o▓
▓_▓.▓.▓.▓o▓
▓_▓.▓†▓.▓o▓
▓_▓.▓.▓.▓o▓
▓_▓.▓†▓.▓o▓
▓_▓.▓†▓.▓@▓
▓_▓.▓.▓.▓.▓
▓_▓.▓.▓.▓.▓
▓_▓.▓.▓.▓.▓
▓_▓.▓'▓.▓.▓
▓_▓.▓.▓.▓)▓
▓_▓.▓÷▓.▓)▓
▓_▓.▓.▓.▓)▓
▓'▓.▓÷▓.▓)▓


You could see an orc knight, 5 orc warriors and an orc wizard (frenzied).

Vanquished Creatures
  2 hydras (D)
  A hill giant (D)
  2 lindwurms (D)
  2 griffons (D)
  An elephant (D)
  2 spiny frogs (D)
  A blink frog (D)
  A yak (D)
  2 water moccasins (D)
  A sky beast (D)
  4 orc warriors (D)
  3 centaurs (D)
  A crocodile (D)
  4 giant frogs (D)
  4 brain worms (D)
  3 hounds (D)
  An orc priest (D)
  4 orc wizards (D)
  2 shadow imps (D)
  3 adders (D)
  2 worms (D)
  7 orcs (D)
  A hobgoblin (D)
  2 kobolds (D)
  A quokka (D)
  A ball python (D)
  3 goblins (D)
  2 rats (D)
63 creatures vanquished.

Notes
Turn   | Place    | Note
--------------------------------------------------------------
     0 | D        | BluebellGnoll, the Spriggan Enchanter, began the quest for the Orb.
     0 | D        | Reached XP level 1. HP: 9/9 MP: 4/4
    20 | D        | Reached skill level 5 in Stealth
    22 | D        | Reached skill level 6 in Stealth
   144 | D        | Noticed a hound
   149 | D        | Reached skill level 8 in Stealth
   149 | D        | Reached XP level 2. HP: 7/13 MP: 7/7
   157 | D        | Killed a hound
   157 | D        | Reached skill level 11 in Stealth
   157 | D        | Reached XP level 3. HP: 1/16 MP: 9/9
   181 | D        | Found a glowing silver altar of Zin.
   181 | D        | Found a glowing golden altar of the Shining One.
   181 | D        | Found an ancient bone altar of Kikubaaqudgha.
   181 | D        | Found a basalt altar of Yredelemnul.
   181 | D        | Found a shimmering altar of Xom.
   181 | D        | Found a radiant altar of Vehumet.
   181 | D        | Found an iron altar of Okawaru.
   182 | D        | Found a burning altar of Makhleb.
   183 | D        | Found a deep blue altar of Sif Muna.
   184 | D        | Found a bloodstained altar of Trog.
   185 | D        | Found a sparkling altar of Nemelex Xobeh.
   186 | D        | Found a white marble altar of Elyvilon.
   187 | D        | Found a roughly hewn altar of Beogh.
   188 | D        | Found a viscous altar of Jiyva.
   189 | D        | Became a worshipper of Vehumet
   190 | D        | Found a corrupted altar of Lugonu.
   191 | D        | Found a blossoming altar of Fedhas.
   192 | D        | Found a snail-covered altar of Cheibriados.
   193 | D        | Found a shadowy altar of Dithmenos.
   194 | D        | Found a stormy altar of Qazlal.
   195 | D        | Found an opulent altar of Gozag.
   196 | D        | Found a sacrificial altar of Ru.
   236 | D        | Learned a level 2 spell: Ensorcelled Hibernation
   240 | D        | Learned a level 3 spell: Confuse
   468 | D        | Noticed a sky beast
   468 | D        | Noticed an orc wizard
   468 | D        | Noticed a centaur
   489 | D        | Killed an orc wizard
   489 | D        | Reached skill level 5 in Hexes
   489 | D        | Reached XP level 4. HP: 17/21 MP: 1/15
   490 | D        | Killed a centaur
   490 | D        | Reached XP level 5. HP: 19/24 MP: 1/21
   490 | D        | Acquired Vehumet's first power
   490 | D        | Offered knowledge of Shock by Vehumet.
   495 | D        | Killed a sky beast
   556 | D        | Learned a level 2 spell: Sure Blade
   560 | D        | Learned a level 3 spell: Dazzling Spray
   565 | D        | Learned a level 4 spell: Enslavement
   567 | D        | Learned a level 1 spell: Shock
   653 | D        | Noticed a hound
   653 | D        | Noticed a centaur
   653 | D        | Noticed a hill giant
   653 | D        | Noticed a centaur
   653 | D        | Noticed a giant frog
   653 | D        | Noticed a giant frog
   656 | D        | Killed a giant frog
   656 | D        | Offered knowledge of Magic Dart by Vehumet.
   656 | D        | Reached skill level 5 in Dodging
   656 | D        | Reached XP level 6. HP: 28/28 MP: 23/25
   658 | D        | Killed a giant frog
   658 | D        | Reached skill level 10 in Spellcasting
   684 | D        | Killed a hill giant
   684 | D        | Reached skill level 12 in Spellcasting
   684 | D        | Reached XP level 7. HP: 32/32 MP: 22/29
   702 | D        | Killed a centaur
   702 | D        | Acquired Vehumet's second power
   702 | D        | Reached skill level 10 in Dodging
   714 | D        | Killed a centaur
   719 | D        | Killed a hound
   719 | D        | Reached skill level 13 in Spellcasting
   837 | D        | Noticed a crocodile
   837 | D        | Noticed a spiny frog
   837 | D        | Noticed a blink frog
   837 | D        | Noticed a water moccasin
   837 | D        | Noticed a spiny frog
   838 | D        | Noticed a griffon
   841 | D        | Killed a spiny frog
   841 | D        | Reached XP level 8. HP: 36/36 MP: 26/31
   843 | D        | Killed a water moccasin
   843 | D        | Acquired Vehumet's third power
   852 | D        | Killed a blink frog
   852 | D        | Offered knowledge of Searing Ray by Vehumet.
   852 | D        | Reached skill level 5 in Short Blades
   863 | D        | Killed a spiny frog
   863 | D        | Reached skill level 14 in Stealth
   870 | D        | Killed a crocodile
   876 | D        | Killed a griffon
   876 | D        | Reached skill level 16 in Stealth
   876 | D        | Reached XP level 9. HP: 24/39 MP: 20/32
   999 | D        | Noticed an elephant
   999 | D        | Noticed a hound
   999 | D        | Noticed a yak
   999 | D        | Noticed a water moccasin
   999 | D        | Noticed a griffon
   999 | D        | Noticed a giant frog
   999 | D        | Noticed an eight-headed hydra
  1003 | D        | Noticed a giant frog
  1004 | D        | Killed an eight-headed hydra
  1004 | D        | Offered knowledge of Throw Icicle by Vehumet.
  1004 | D        | Reached skill level 18 in Stealth
  1012 | D        | Learned a level 4 spell: Throw Icicle
  1014 | D        | Killed a giant frog
  1014 | D        | Offered knowledge of Stone Arrow by Vehumet.
  1028 | D        | Noticed an eight-headed hydra
  1028 | D        | Killed a griffon
  1028 | D        | Reached skill level 19 in Stealth
  1035 | D        | Killed a water moccasin
  1037 | D        | Killed a yak
  1037 | D        | Reached skill level 15 in Dodging
  1039 | D        | Killed a hound
  1044 | D        | Killed an elephant
  1044 | D        | Reached skill level 20 in Stealth
  1044 | D        | Reached XP level 10. HP: 10/44 MP: 24/33
  1046 | D        | Killed a giant frog
  1097 | D        | Killed an eight-headed hydra
  1097 | D        | Reached skill level 21 in Stealth
  1331 | D        | Noticed a brain worm
  1331 | D        | Noticed a brain worm
  1331 | D        | Noticed a lindwurm
  1331 | D        | Noticed a lindwurm
  1331 | D        | Noticed a brain worm
  1332 | D        | Noticed a brain worm
  1333 | D        | Offered knowledge of Freezing Cloud by Vehumet.
  1336 | D        | Killed a brain worm
  1338 | D        | Killed a lindwurm
  1340 | D        | Killed a lindwurm
  1344 | D        | Killed a brain worm
  1346 | D        | Killed a brain worm
  1348 | D        | Killed a brain worm
  1388 | D        | Learned a level 6 spell: Freezing Cloud
  1467 | D        | Noticed an orc priest
  1467 | D        | Noticed an orc warrior
  1467 | D        | Noticed an orc wizard
  1468 | D        | Noticed an orc warrior
  1469 | D        | Killed an orc wizard
  1471 | D        | Noticed an orc wizard
  1483 | D        | Killed an orc warrior
  1483 | D        | Reached skill level 1 in Ice Magic
  1483 | D        | Reached skill level 1 in Air Magic
  1486 | D        | Killed an orc warrior
  1486 | D        | Offered knowledge of Irradiate by Vehumet.
  1489 | D        | Killed an orc priest
  1492 | D        | Killed an orc wizard
  1493 | D        | Noticed an orc warrior
  1503 | D        | Killed an orc warrior
  1569 | D        | Noticed an orc warrior
  1569 | D        | Noticed an orc warrior
  1569 | D        | Noticed an orc warrior
  1569 | D        | Noticed an orc warrior
  1569 | D        | Noticed an orc warrior
  1569 | D        | Noticed an orc warrior
  1569 | D        | Noticed an orc wizard
  1571 | D        | Noticed an orc wizard
  1576 | D        | Killed an orc wizard
  1579 | D        | Killed an orc warrior
  1580 | D        | Noticed an orc knight
  1591 | D        | Mangled by an orc warrior

Action                   |  1- 3 |  4- 6 |  7- 9 | 10-12 || total
-------------------------+-------+-------+-------+-------++-------
Melee: Dagger            |    51 |       |       |       ||    51
       Rapier            |       |     5 |    33 |    34 ||    72
 Cast: Confuse           |     3 |     1 |     2 |     6 ||    12
       Ensorcelled Hiber |       |     5 |    18 |    21 ||    44
       Corona            |       |     1 |       |       ||     1
       Dazzling Spray    |       |       |     4 |     2 ||     6
       Sure Blade        |       |       |     1 |     1 ||     2
       Throw Icicle      |       |       |       |     5 ||     5
Evoke: Wand              |       |     2 |       |       ||     2
  Use: Potion            |     2 |       |       |       ||     2
 Stab: Sleeping          |       |     4 |    13 |    21 ||    38
       Confused          |       |       |     1 |     2 ||     3
       Invisible         |       |       |     3 |     1 ||     4
  Eat: Fruit             |       |       |       |     8 ||     8
